 Dungeon Crawl Stone Soup version 0.19-a0-879-gdac7d08 (console) character file.

1226013 sunofabeach the Rhythm of Life and Death (level 27, -10/273 HPs)
             Began as a Hill Orc Gladiator on June 28, 2016.
             Was a High Priest of Uskayaw.
             Mangled by a reaper
             ... wielding a +4 scythe of protection
              (30 damage)
             ... on level 6 of the Iron City of Dis on July 4, 2016.
             The game lasted 10:35:13 (82930 turns).

sunofabeach the Rhythm of Life and Death (HOGl)    Turns: 82930, Time: 10:35:13

Health: -10/273    AC: 49    Str: 37    XL:     27
Magic:  39/39      EV: 27    Int: 16    God:    Uskayaw [*****.]
Gold:   11761      SH:  0    Dex: 27    Spells: 12 memorised, 11 levels left

rFire  + + +     SeeInvis +     a - +9 executioner's axe (flame)
rCold  + + .     Gourm    .     E - +8 gold dragon armour
rNeg   + . .     Faith    .     (shield currently unavailable)
rPois  +         Spirit   .     F - +3 crown of Dyrovepreva {rElec Int+2 SInv}
rElec  +         Dismiss  .     T - +2 cloak of Sois {rC+ Dex+2}
rCorr  .         Reflect  .     P - +2 pair of gloves {Dex+3}
SustAt .         Harm     .     x - +2 pair of boots "Ammianao" {rF+}
MR     ++++.                    D - amulet "Yrext" {Fragile rF+ MR+ Regen+ Str+2}
Stlth  ..........               s - ring "Viky" {rN+ MR+ Str+4 Dex+7}
                                j - ring of Wayntej {rElec Str+4 Int+6 SInv}

@: singing, regenerating, repel missiles, incredibly resistant to hostile
enchantments, extremely unstealthy
A: low mp 1
a: Stomp, Line Pass, Grand Finale, Renounce Religion, Stop Singing
}: 13/15 runes: decaying, serpentine, slimy, silver, obsidian, icy, bone,
abyssal, demonic, glowing, magical, fiery, dark


You were on level 6 of the Iron City of Dis.
You worshipped Uskayaw.
Uskayaw was extremely pleased with you.
You were very hungry.

You visited 17 branches of the dungeon, and saw 85 of its levels.
You visited Pandemonium 6 times, and saw 16 of its levels.
You visited the Abyss 7 times.
You visited 1 ziggurat, and saw 20 of its levels.
You also visited: Labyrinth, Trove and Ice Cave.

You collected 15047 gold pieces.
You spent 3286 gold pieces at shops.

Inventory:

Hand Weapons
 a - a +9 executioner's axe of flaming (weapon)
Armour
 x - the +2 pair of boots "Ammianao" (worn) {rF+}
   (You found it on level 11 of a ziggurat)

   It protects you from fire.
 E - a +8 gold dragon armour (worn)
 F - the +3 crown of Dyrovepreva (worn) {rElec Int+2 SInv}
   (You found it on level 7 of Cocytus)

   It affects your intelligence (+2).
   It insulates you from electricity.
   It lets you see invisible.
 P - a +2 pair of gloves of dexterity (worn)
 T - the +2 cloak of Sois (worn) {rC+ Dex+2}
   (You found it on level 5 of the Pits of Slime)

   It affects your dexterity (+2).
   It protects you from cold.
Magical Staves
 b - an uncursed staff of wizardry
Rods
 c - a +1 rod of ignition (14/14)
   (You found it on level 11 of a ziggurat)
 m - a +4 rod of clouds (10/10)
   (You found it on level 7 of Cocytus)
 O - a +8 lightning rod (12/12)
   (You found it on level 7 of a ziggurat)
 R - a +5 rod of clouds (9/9)
   (You found it on level 17 of a ziggurat)
Jewellery
 j - the ring of Wayntej (left hand) {rElec Str+4 Int+6 SInv}
   (You found it in a treasure trove)

   [ring of strength]

   It affects your strength (+4).
   It affects your intelligence (+6).
   It insulates you from electricity.
   It lets you see invisible.
 s - the ring "Viky" (right hand) {rN+ MR+ Str+4 Dex+7}
   (You found it on level 6 of a ziggurat)

   [ring of protection from magic]

   It affects your strength (+4).
   It affects your dexterity (+7).
   It protects you from negative energy.
   It affects your resistance to hostile enchantments.
 D - the amulet "Yrext" (around neck) {Fragile rF+ MR+ Regen+ Str+2}
   (You found it in a treasure trove)

   [amulet of regeneration]

   It affects your strength (+2).
   It protects you from fire.
   It affects your resistance to hostile enchantments.
   It increases your rate of regeneration.
   It will be destroyed if unequipped.
Wands
 f - a wand of paralysis (8/24)
 k - a wand of lightning (1/15)
 y - a wand of teleportation (5/9)
 C - a wand of iceblast (5/15)
 Q - a wand of acid (12/15)
 W - a wand of digging (9/24)
Scrolls
 g - a scroll of recharging
 i - 25 scrolls of identify
 r - 38 scrolls of remove curse
 t - 4 scrolls of silence
 u - 4 scrolls of summoning
 w - 35 scrolls of teleportation
 B - 4 scrolls of magic mapping
 L - 23 scrolls of fog
 M - 2 scrolls of holy word
 S - 10 scrolls of immolation
 X - 3 scrolls of blinking
Potions
 e - 17 potions of curing
 n - 6 potions of invisibility
 p - 4 potions of agility
 z - 2 potions of berserk rage
 A - 2 potions of cancellation
 G - 9 potions of brilliance
 I - a potion of heal wounds
 J - 8 potions of resistance
 U - 2 potions of might
 V - 10 potions of flight
 Y - 3 potions of magic
Miscellaneous
 l - 2 boxes of beasts
 v - a disc of storms
 N - 8 phantom mirrors
Comestibles
 o - a meat ration
 H - 8 royal jellies


   Skills:
 O Level 27 Fighting
 O Level 27 Axes
 - Level 1.7 Throwing
 * Level 25.5 Armour
 * Level 20.8 Dodging
 - Level 16.8 Spellcasting
 - Level 17.7 Charms
 - Level 14.1 Summonings
 - Level 19.7 Necromancy
 - Level 5.1 Translocations
 - Level 4.0 Air Magic
 O Level 27 Invocations
 - Level 15.7 Evocations


You had 11 spell levels left.
You knew the following spells:

 Your Spells              Type           Power        Failure   Level  Hunger
a - Regeneration          Chrm/Necr      ######....   1%          3    None
c - Song of Slaying       Chrm           ######..     1%          2    None
d - Dispel Undead         Necr           ######..     1%          5    ####...
e - Haste                 Chrm           ######..     2%          6    #####..
f - Repel Missiles        Chrm/Air       #####.       1%          2    None
g - Cigotuvi's Embrace    Necr           ######....   1%          5    ####...
h - Necromutation         Tmut/Necr      #####.....   100%        8    #######
j - Aura of Abjuration    Summ           ######....   1%          5    ####...
l - Infestation           Necr           ######....   47%         8    #######
p - Apportation           Tloc           ####......   2%          1    None
t - Blink                 Tloc           N/A          4%          2    None
x - Summon Butterflies    Summ           ######..     1%          1    None


Dungeon Overview and Level Annotations

Branches:
Dungeon (15/15)            Temple (1/1) D:4            Lair (6/6) D:9
  Swamp (4/4) Lair:4        Snake (4/4) Lair:4        Slime (5/5) Lair:5
    Orc (2/2) D:9             Elf (3/3) Orc:2        Vaults (5/5) D:14
  Crypt (3/3) Vaults:3       Tomb (0/3) Crypt:3      Depths (5/5) D:15
   Hell (1/1)                 Dis (6/7) Hell            Geh (7/7) Hell
    Coc (7/7) Hell            Tar (7/7) Hell            Zot (4/5) Depths:5

Altars:
Ashenzari
Cheibriados
Dithmenos
Elyvilon
Fedhas
Gozag
Hepliaklqana
Kikubaaqudgha
Makhleb
Nemelex Xobeh
Okawaru
Pakellas
Qazlal
Ru
Sif Muna
Trog
Uskayaw
Vehumet
Xom
Yredelemnul
Zin
The Shining One
Lugonu

Shops:
D:8 !   D:15 %((   Orc:2 :***!   Elf:1 (   Elf:3 *}[:   Snake:4 ?   Vaults:2 =

Portals:
Hell: Depths:1 Depths:2 Depths:3 Depths:4 Depths:5
Abyss: Depths:2 Depths:3 Depths:4
Pandemonium: Depths:3


Innate Abilities, Weirdness & Mutations

Your magical capacity is low. (-10% MP)


Message History

* * * LOW HITPOINT WARNING * * *
You slice the reaper!! You burn the reaper!
The reaper is heavily wounded.
You can now merge with and destroy a victim.
You barely miss the reaper.
The reaper is heavily wounded.
You slice the reaper!! You burn the reaper.
The reaper is almost dead.
The reaper hits you with a scythe of protection!!
* * * LOW HITPOINT WARNING * * *
You hit the reaper. You burn the reaper.
The reaper is almost dead.
You barely miss the reaper.
The reaper is almost dead.
The reaper barely misses you.
A flayed ghost comes into view.
The reaper hits you from afar with a scythe of protection!!
* * * LOW HITPOINT WARNING * * *
The reaper hits you with a scythe of protection!!
You die...

········░······▒∙∙∙∙∙∙∙∙▒······░·
········░······▒∙∙∙∙∙∙∙∙▒······■·
········░░■░░░░▒'▒▒▒▒▒▒▒▒░░■░░░░·
······∩·░······▒∙∙∙∙∙∙∙∙▒······░·
········░······■∙∙∙∙∙∙∙∙▒······░·
········░······▒∙∙∙∙∙∙∙∙▒······░░
░░░░░░░■░······▒∙∙∙∙∙∙∙∙▒░░░░░░░
········░······▒∙∙∙∙∙∙∙∙▒······░
········░······▒∙∙∙∙∙∙∙∙▒······░
········░······▒∙∙∙∙∙∙∙∙■······░
········░······▒∙∙∙∙∙∙∙∙▒······░
░░■░░░░■░░░░░░░▒▒∙∙∙▒∙∙∙▒░░░░■░░
░·····░····░ ▒▒▒▒∙∙▒∙▒∙∙▒······░
░·····░····░ ░∙▒∙∙∙▒∙▒∙∙▒······░
■·····░····░ ░▒∙▒∙∙∙▒∙░∙∙∙·····░
░·····░····░░░▒∙▒2W∙▒∙▒·∙∙·····░
░·····░····░··∙▒@▒)∙▒∙▒········░
░·····░····░·∙∙▒∙▒∙∙W▒·░·······░
░░░░░░░░■░░░∙∙·▒∙▒∙∙∙▒·░·······░
░····░···∙▒∙▒∙∙∙▒·░······░
░····░··∙∙░∙▒∙∙∙▒·░······░
░····░·∙∙∙·▒∙▒∙∙▒·░··░░░░░
░····■∙∙∙∙·░∙▒∙∙∙░·░·····░
░····▒∙∙∙∙·░∙▒···░·░·····░
░····▒∙∙∙∙··░∙░···░······░
░····░······░·░···░······░
░░░░░░░░■░···░···░░······░
░·················░······░
░··········░······░░░■░░░░░
░··········░······░·······>
░··········░······░········
░··········░······░··8····8
░∩··>······░······░········


You could see a reaper and a flayed ghost.

Vanquished Creatures
  Cerebov (Pan)
  Antaeus (Coc:7)
  Asmodeus (Geh:7)
  the Royal Jelly (Slime:5)
  Dissolution (Slime:5)
  Ereshkigal (Tar:7)
  Gloorx Vloq (Pan)
  Lom Lobon (Pan)
  the Serpent of Hell (Geh:7)
  Mnoleg (Pan)
  The ghost of iroha the Demonspawn of Death, a legendary DsGl of Okawaru (Zig:19)
  Mennas (Vaults:5)
  The ghost of Eptamerus the Minotaur Porcupine, a legendary MiFi of Okawaru (Zig:19)
  7 ancient liches
  4 juggernauts
  Margery (Vaults:5)
  Boris (Crypt:1)
  6 shard shrikes
  A Killer Klown (Zot:3)
  2 curse toes (Crypt:3)
  10 pandemonium lords
  Geryon (Hell)
  16 golden dragons
  A profane servitor (Zig:12)
  8 bone dragons
  18 Brimstone Fiends
  A doom hound (Tar:4)
  23 Tzitzimimeh
  A hellephant (Hell)
  19 liches
  An electric golem (Zot:4)
  15 tentacled monstrosities
  4 Hell Sentinels
  13 Ice Fiends
  3 deep elf blademasters
  8 titans
  3 eldritch tentacles
  26 acid blobs
  5 deep elf master archers
  5 tentacled starspawn
  19 Executioners
  6 sphinxes
  7 death cobs
  9 tengu reavers
  5 thorn hunters
  12 ancient champions
  13 storm dragons
  Kirke (Lair:4)
  4 draconian monks
  Roxanne (Snake:3)
  Gastronok (Orc:1)
  11 shadow dragons
  A storm dragon (shapeshifter) (Vaults:5)
  Wiglaf (Snake:2)
  A draconian knight (Zot:2)
  6 revenants
  19 frost giants
  18 greater nagas
  A caustic shrike zombie (Zig:16)
  5 draconian scorchers
  16 vault wardens
  Aizul (Crypt:1)
  16 cacodemons
  10 deep elf sorcerers
  9 azure jellies
  12 fire giants
  30 balrugs
  9 warmongers
  Louise (Snake:2)
  2 ghost moths
  5 curse skulls
  3 draconian shifters
  8 orc warlords
  7 ghouls
  4 draconian zealots
  3 iron dragons (Vaults:5)
  32 stone giants
  8 draconian annihilators
  60 reapers
  11 ironheart preservers
  An angel (Zig:6)
  6 deep elf elementalists
  5 draconian callers
  4 spriggan defenders
  4 war gargoyles
  4 blood saints
  11 vampire knights
  An entropy weaver (shapeshifter) (Vaults:1)
  21 very ugly things
  2 elemental wellsprings
  Nessos (D:13)
  9 green draconians
  A dire elephant (Lair:6)
  3 corrupters (Pan)
  9 deep elf demonologists
  6 purple draconians
  The ghost of clown the Impaler, a journeyman MfSk of Hepliaklqana (D:14)
  8 black draconians
  3 lorocyprocas (Pan)
  17 deep elf annihilators
  6 yellow draconians
  Azrael (Snake:3)
  4 chaos champions
  10 black suns
  6 spark wasps
  6 mottled draconians
  7 white draconians
  8 red draconians
  The ghost of zervinho the Basher, a journeyman MiFi of Trog (D:14)
  The ghost of spanner the Destroyer, a journeyman DsVM of Vehumet (D:13)
  A minotaur (Lab)
  3 mummy priests (Crypt:3)
  47 blizzard demons
  21 ettins
  11 green deaths
  9 eidola
  15 deep elf death magi
  2 merfolk impalers (Depths:4)
  18 death oozes
  An ettin (shapeshifter) (Vaults:5)
  A crystal guardian (Vaults:5)
  12 jiangshi
  9 quicksilver dragon zombies
  14 yaktaur captains
  11 fire dragons
  3 spectral krakens (Tar:7)
  4 quicksilver dragon skeletons
  19 great orbs of eyes
  9 deep elf high priests
  15 naga warriors
  10 rakshasas
  41 vault guards
  39 ice dragons
  26 hydras
  4 spriggan air magi
  2 catoblepae
  6 hell beasts
  12 centaur warriors
  A merfolk avatar (Depths:4)
  2 juggernaut simulacra (Pan)
  4 ghost crabs
  4 merfolk aquamancers
  13 alligators
  9 death knights
  A ghost crab (shapeshifter) (Depths:2)
  7 monstrous demonspawn (Pan)
  4 death yaks (Lair:6)
  8 deep troll shamans
  12 deep troll earth magi
  An alligator snapping turtle (Depths:4)
  8 vampire magi
  18 ogre magi
  15 anacondas
  10 tengu warriors
  10 orc high priests
  18 hell hogs
  2 titan zombies
  30 dancing weapons
  26 naga sharpshooters
  28 soul eaters
  4 spriggan berserkers
  46 sun demons
  7 thrashing horrors
  30 hell knights
  6 shock serpents
  6 spriggans
  4 storm dragon zombies
  4 iron trolls
  4 salamander mystics
  5 wretched stars
  6 titan skeletons
  71 skeletal warriors
  A spatial maelstrom (Abyss:3)
  A fire crab (shapeshifter) (Vaults:2)
  24 deep elf knights
  A sea snake (shapeshifter) (Zig:4)
  3 storm dragon skeletons
  8 unseen horrors
  18 shadow wraiths
  24 deep trolls
  7 anaconda zombies
  6 infernal demonspawn (Pan)
  12 putrid demonspawn (Pan)
  27 shadow demons
  8 giant orange brains
  2 spriggan druids (Swamp:4)
  14 torturous demonspawn (Pan)
  6 golden dragon zombies
  A shambling mangrove (Swamp:1)
  14 deep elf archers
  4 gelid demonspawn
  11 swamp dragons
  A deep troll (shapeshifter) (Depths:1)
  3 anaconda skeletons
  12 flayed ghosts
  8 naga ritualists
  2 ghost moth zombies
  22 phantasmal warriors
  25 ironbrand convokers
  8 hill giants
  7 harpies
  71 deep elf magi
  A mana viper (shapeshifter) (Vaults:5)
  7 shadow dragon zombies
  3 golden dragon skeletons
  An anubis guard (shapeshifter) (Depths:4)
  16 necromancers
  20 orc knights
  2 sphinx zombies
  21 ugly things
  2 wolf spider zombies
  9 mana vipers
  5 wizards
  11 shining eyes
  A tengu skeleton (Zig:16)
  2 harpies (shapeshifter)
  8 cyclopes
  A manticore (D:15)
  5 griffons
  7 oklob plants
  6 wolf spiders
  A faun (shapeshifter) (Vaults:5)
  2 iron dragon zombies
  2 worldbinders (Abyss:3)
  A shadow dragon skeleton (Coc:4)
  9 orc sorcerers
  16 sixfirhies
  4 hornets
  4 fire giant zombies
  A salamander (shapeshifter) (Depths:1)
  7 stone giant zombies
  An iron dragon skeleton (Zig:16)
  28 moths of wrath
  23 salamanders
  3 fire giant skeletons
  A frost giant zombie (Dis:6)
  12 ice statues
  An octopode (shapeshifter) (Depths:2)
  A stone giant skeleton (Geh:7)
  16 vault sentinels
  3 human skeletons
  A titan simulacrum (Hell)
  12 spiny frogs
  7 elephants (Lair:6)
  39 black mambas
  A frost giant skeleton (Coc:6)
  10 guardian serpents
  14 spectral swamp worms
  35 smoke demons
  5 dire elephant zombies
  A guardian serpent (shapeshifter) (Vaults:3)
  10 rust devils
  18 orange demons
  A storm dragon simulacrum (Crypt:3)
  19 naga magi
  A gargoyle (D:14)
  An elephant slug zombie (Crypt:1)
  2 dire elephant skeletons
  10 eyes of devastation
  19 hellions
  8 molten gargoyles (Geh:7)
  A spriggan skeleton (Depths:2)
  5 centaur skeletons
  44 yaktaurs
  3 catoblepas zombies
  23 freezing wraiths
  23 tormentors
  26 ice devils
  A kobold demonologist (Vaults:1)
  9 komodo dragons
  A white draconian zombie (Crypt:3)
  12 hellwings
  9 efreet
  4 tengu conjurers
  An emperor scorpion zombie (Coc:4)
  2 harpy zombies
  6 ancient zymes
  9 guardian mummies (Crypt:3)
  11 trolls
  A queen bee (Lair:4)
  A golden dragon simulacrum (Crypt:1)
  A silent spectre (Tar:7)
  27 red devils
  A giant leech (shapeshifter) (Crypt:3)
  A meliai (shapeshifter) (Depths:2)
  2 giant leeches
  6 hydra zombies
  27 two-headed ogres
  3 meliai
  24 demonic crawlers
  Grinder (D:5)
  3 fire dragon zombies
  A queen bee (shapeshifter) (Vaults:4)
  A minotaur skeleton (Pan)
  12 bog bodies
  5 boulder beetles
  3 polar bears
  12 raiju
  2 harpy skeletons
  A hornet zombie (D:15)
  A boulder beetle (shapeshifter) (Zig:18)
  6 hydra skeletons
  4 alligator zombies
  An ushabti (Crypt:3)
  17 blink frogs
  2 ettin zombies
  88 slime creatures
  4 ice dragon zombies
  2 black mamba zombies
  54 flying skulls
  6 air elementals
  3 centaur simulacra
  An alligator skeleton (Coc:4)
  2 fire dragon skeletons
  A redback (D:15)
  4 ice dragon skeletons
  22 shadows
  A spriggan (shapeshifter) (Depths:3)
  22 ynoxinuls
  32 wraiths
  7 fire bats
  A vampire (D:15)
  5 ettin skeletons
  3 wyverns
  2 humans (shapeshifter)
  12 water elementals
  A yak (shapeshifter) (Depths:2)
  A hog (Lair:4)
  A human (D:7)
  45 yaks
  16 fire elementals
  12 hippogriffs
  A hog (shapeshifter) (Vaults:2)
  Eustachio (D:4)
  3 elf skeletons
  5 hungry ghosts
  7 golden eyes
  22 chaos spawn
  23 neqoxecs
  43 large abominations
  12 swamp worms
  10 wargs
  30 vampire mosquitoes
  Edmund (D:4)
  8 insubstantial wisps
  3 mottled dragons
  A hydra simulacrum (Hell)
  11 spiny frog zombies
  A merfolk zombie (Tar:7)
  53 nagas
  4 giant eyeballs
  34 hell hounds
  5 water moccasins
  12 swamp drakes
  16 small abominations
  5 elf zombies
  12 ice beasts
  6 porcupines
  3 spiny frog skeletons
  7 eyes of draining
  52 orc warriors
  A black bear (shapeshifter) (Vaults:3)
  16 necrophages
  4 alligator simulacra
  A manticore zombie (Geh:7)
  5 sky beasts
  7 human zombies
  9 wasps
  An ogre (shapeshifter) (Vaults:3)
  6 black bears
  65 ogres
  2 phantoms
  2 snapping turtle zombies
  3 swamp dragon zombies
  2 snapping turtle skeletons
  19 boggarts
  An anubis guard skeleton (Crypt:2)
  31 centaurs
  13 wolves
  10 crocodiles
  2 swamp dragon skeletons
  4 big kobolds
  A komodo dragon zombie (Swamp:1)
  A salamander zombie (Crypt:3)
  18 giant frogs
  A gnoll sergeant (Orc:2)
  2 glowing shapeshifter simulacra
  A spiny frog simulacrum (Coc:7)
  6 earth elementals
  A water moccasin zombie (Crypt:1)
  A merfolk simulacrum (Crypt:3)
  5 scorpions
  A cyclops skeleton (Crypt:1)
  A polar bear zombie (Crypt:2)
  26 killer bees
  A snapping turtle simulacrum (Coc:3)
  47 wights
  An electric eel (Elf:3)
  16 crimson imps
  5 starcursed masses (Abyss:3)
  4 quasits
  7 centaur zombies
  A draconian simulacrum (IceCv)
  10 iron imps
  A giant frog skeleton (D:4)
  27 orc wizards
  Crazy Yiuf (D:5)
  21 orc priests
  10 hounds
  3 jellies
  A basilisk skeleton (Crypt:2)
  8 iguanas
  7 hell rats
  10 worker ants
  A lightning spire (Zig:5)
  5 troll simulacra (IceCv)
  A killer bee zombie (D:9)
  16 sheep
  2 ogre zombies
  2 crocodile zombies (Swamp:1)
  2 tengu zombies
  A felid skeleton (Crypt:3)
  2 big kobold skeletons
  3 mummies
  A hell rat zombie (Crypt:1)
  Robin (D:4)
  A worker ant zombie (D:6)
  A gnoll (shapeshifter) (Abyss:3)
  2 ogre simulacra (IceCv)
  29 river rats
  17 adders
  6 gnolls
  2 naga simulacra (IceCv)
  9 shadow imps
  12 white imps
  2 ufetubi
  2 halfling zombies
  2 adder skeletons
  2 halfling skeletons
  3 worms
  A ball lightning (Pan)
  A dart slug (D:3)
  3 giant geckos
  95 orcs
  5 bats
  6 giant cockroaches
  13 goblins
  11 hobgoblins
  14 jackals
  29 kobolds
  4 quokkas
  A giant gecko skeleton (D:4)
  2 giant newts
  A giant newt skeleton (Crypt:1)
  A goblin skeleton (Crypt:1)
  A kobold zombie (Dis:1)
  4 rats
  10 briar patches
  A bush (Zig:20)
  2 crawling corpses (Vaults:5)
  4 fungi (Lair:6)
  A lurking horror (Abyss:3)
  17 plants
  6 starspawn tentacles (Abyss:3)
  5 tentacles (Tar:7)
  A tentacle segment (Tar:7)
4300 creatures vanquished.

Vanquished Creatures (collateral kills)
  An azure jelly (Zig:3)
  3 orc warlords (Zig:20)
  A stone giant (Zig:20)
  A death ooze (Zig:19)
  2 dancing weapons (Elf:2)
  2 deep elf knights (Elf:2)
  3 skeletal warriors (Depths:2)
  An oklob plant (Zig:18)
  2 orc sorcerers (Zig:20)
  A shining eye (Zig:3)
  4 deep elf magi (Elf:2)
  2 moths of wrath (Zig:20)
  A rust devil (Dis:1)
  A tormentor (Dis:1)
  A red devil (Dis:1)
  A hog (Lair:4)
  A warg (Zig:20)
  An eye of draining (Zig:3)
  2 orc warriors (Zig:20)
  A killer bee (Lair:4)
  An orc wizard (Zig:20)
  A gnoll (Zig:20)
34 creatures vanquished.

Vanquished Creatures (others)
  A golden dragon (Zig:18)
  A tentacled monstrosity (Vaults:5)
  2 tengu reavers
  A draconian scorcher (Zot:3)
  A cacodemon (Pan)
  A draconian zealot (Depths:5)
  An elemental wellspring (Coc:7)
  A white draconian (Zot:3)
  A yaktaur captain (Zig:18)
  2 rakshasas
  2 hell hogs (Geh:7)
  An ogre mage (D:15)
  A shock serpent (Zig:11)
  A giant orange brain (Pan)
  An ironbrand convoker (Zig:18)
  A deep elf mage (Elf:1)
  A hydra skeleton (Hell)
  A flying skull (Zig:16)
  A water elemental (Zig:14)
  A ynoxinul (Pan)
  2 humans (Lair:4)
  An orc warrior (Vaults:1)
  A sky beast (shapeshifter) (Depths:5)
  A necrophage (Tar:4)
  2 ogres
  A boggart (Depths:1)
  A giant frog simulacrum (D:13)
  2 ball lightnings (Pan)
  A kobold (D:13)
  2 blocks of ice (Pan)
  2 bushes (Zig:20)
  30 eldritch tentacle segments
  5 fungi
  21 plants
  6 starspawn tentacles
  37 starspawn tentacle segments (Abyss:3)
  9 tentacles (Tar:7)
  308 tentacle segments (Tar:7)
  7 withered plants (Crypt:1)
462 creatures vanquished.

Grand Total: 4796 creatures vanquished

Notes
Turn   | Place    | Note
-------+----------+-------------------------------------------
     0 | D:1      | sunofabeach the Hill Orc Gladiator began the quest for the Orb.
     0 | D:1      | Reached XP level 1. HP: 18/18 MP: 1/1
    40 | D:1      | Reached XP level 2. HP: 20/25 MP: 2/2
   427 | D:2      | Reached skill level 1 in Armour
   427 | D:2      | Reached XP level 3. HP: 28/30 MP: 3/3
   773 | D:2      | Reached skill level 5 in Axes
   828 | D:2      | Reached XP level 4. HP: 29/38 MP: 4/4
  1386 | D:3      | Found a shadowy altar of Dithmenos.
  1398 | D:3      | Reached XP level 5. HP: 24/45 MP: 5/5
  1766 | D:4      | Noticed Robin
  1780 | D:4      | Killed Robin
  1808 | D:4      | Reached XP level 6. HP: 47/52 MP: 6/6
  1840 | D:4      | Found a staircase to the Ecumenical Temple.
  1849 | Temple   | Entered the Ecumenical Temple
  1863 | Temple   | Became a worshipper of Uskayaw the Reveler
  1940 | D:4      | Noticed Eustachio
  1950 | D:4      | Reached * piety under Uskayaw
  1954 | D:4      | Noticed Edmund
  1954 | D:4      | Reached ** piety under Uskayaw
  1957 | D:4      | Reached *** piety under Uskayaw
  1959 | D:4      | Killed Eustachio
  1960 | D:4      | Reached **** piety under Uskayaw
  1964 | D:4      | Reached ***** piety under Uskayaw
  1971 | D:4      | Killed Edmund
  1971 | D:4      | Reached XP level 7. HP: 50/60 MP: 7/9
  2333 | D:5      | Entered Level 5 of the Dungeon
  2733 | D:5      | Noticed Grinder
  2752 | D:5      | Paralysed by Grinder for 7 turns
  2763 | D:5      | Killed Grinder
  2763 | D:5      | Reached skill level 5 in Fighting
  2763 | D:5      | Reached XP level 8. HP: 52/68 MP: 11/11
  3166 | D:5      | Reached skill level 5 in Invocations
  3207 | D:5      | Found a runed door.
  3211 | D:5      | Noticed Crazy Yiuf
  3216 | D:5      | Killed Crazy Yiuf
  4652 | D:7      | Reached XP level 9. HP: 27/75 MP: 12/14
  4736 | D:7      | Reached skill level 1 in Evocations
  5204 | D:8      | Found Calip's Distillery.
  5213 | D:8      | Bought a potion of mutation for 37 gold pieces
  5213 | D:8      | Bought a potion of might for 60 gold pieces
  5213 | D:8      | Bought a potion of curing for 45 gold pieces
  5452 | D:8      | Reached skill level 5 in Armour
  5725 | D:8      | Reached skill level 10 in Axes
  5760 | D:9      | Found a staircase to the Lair.
  5803 | D:9      | Found a staircase to the Orcish Mines.
  5914 | D:9      | Got a polished war axe
  5915 | D:9      | Identified the +8 war axe of Ifef {flame, *Drain rPois rC++ Str+3} (You found it on level 9 of the Dungeon)
  6343 | D:9      | Reached XP level 10. HP: 84/84 MP: 16/16
  6442 | D:9      | Reached skill level 5 in Dodging
  6785 | Lair:1   | Entered Level 1 of the Lair of Beasts
  6806 | D:10     | Entered Level 10 of the Dungeon
  6998 | D:10     | Noticed a hill giant
  7006 | D:10     | Killed a hill giant
  7007 | D:10     | Got a creamy pearl robe
  7018 | D:10     | Identified the +1 robe of Orthodoxy {Regen+} (You found it on level 10 of the Dungeon)
  7765 | D:11     | Reached skill level 10 in Invocations
  8043 | Lair:1   | Reached XP level 11. HP: 84/94 MP: 18/18
  8822 | Lair:1   | Gained mutation: You are agile. (Dex +2) [potion of beneficial mutation]
  8897 | Lair:3   | Found a labyrinth entrance.
  9104 | Lab      | Entered a labyrinth
 10550 | Lab      | Noticed a minotaur
 10557 | Lab      | Killed a minotaur
 10561 | Lab      | Got an ivory war axe
 10561 | Lab      | Got a faintly humming ring mail
 10561 | Lab      | Got a heavy robe
 10603 | Lab      | Identified the +3 war axe of Turmoil {freeze, rF+ MR++ Dex+6} (You found it in a labyrinth)
 10883 | Lair:1   | Identified a +5 rod of shadows (14/14) (You found it in a labyrinth)
 10918 | Lair:1   | Identified the cursed +0 ring mail "Ihish" {+Blink rC+++ rCorr Stlth-} (You found it in a labyrinth)
 10929 | Lair:1   | Identified the +2 robe of the Armoured One {rF- MR+ Int+2} (You found it in a labyrinth)
 11646 | Lair:2   | Noticed an oklob plant
 11673 | Lair:2   | Killed an oklob plant
 11684 | Lair:2   | Noticed an oklob plant
 11777 | Lair:2   | Killed an oklob plant
 11777 | Lair:2   | Reached skill level 5 in Evocations
 11782 | Lair:2   | Noticed an oklob plant
 11811 | Lair:2   | Killed an oklob plant
 12201 | Lair:3   | Reached XP level 12. HP: 82/103 MP: 21/21
 12886 | Lair:4   | Noticed Kirke
 12900 | Lair:4   | Found a frozen archway.
 12905 | Lair:4   | Killed Kirke
 12917 | Lair:4   | Reached ****** piety under Uskayaw
 13048 | IceCv    | Entered an ice cave
 14332 | Lair:4   | Found a staircase to the Swamp.
 14384 | Lair:4   | Found a staircase to the Snake Pit.
 14439 | Lair:4   | Reached XP level 13. HP: 21/113 MP: 23/23
 14976 | Lair:5   | Found a staircase to the Slime Pits.
 14982 | Lair:5   | Reached skill level 10 in Fighting
 15670 | Lair:6   | Entered Level 6 of the Lair of Beasts
 16310 | Lair:6   | Reached skill level 15 in Axes
 16671 | Lair:6   | Noticed a dire elephant
 16685 | Lair:6   | Killed a dire elephant
 16720 | Lair:6   | Got a wavering platinum ring
 16722 | Lair:6   | Identified the ring "Dyebrion" {*Tele MR+} (You found it on level 6 of the Lair of Beasts)
 16854 | Lair:6   | Reached XP level 14. HP: 110/122 MP: 25/25
 17630 | D:12     | Reached skill level 15 in Invocations
 18081 | D:13     | Noticed spanner's ghost (journeyman DsVM)
 18176 | Orc:1    | Entered Level 1 of the Orcish Mines
 18366 | Orc:1    | Noticed Gastronok
 18374 | Orc:1    | Killed Gastronok
 18456 | Orc:2    | Entered Level 2 of the Orcish Mines
 18456 | Orc:2    | Found Voqoduen's Distillery.
 18479 | Orc:2    | Bought a potion of agility for 68 gold pieces
 18479 | Orc:2    | Bought a potion of haste for 170 gold pieces
 18479 | Orc:2    | Bought a potion of heal wounds for 85 gold pieces
 18479 | Orc:2    | Bought a potion of agility for 68 gold pieces
 18839 | Orc:2    | Found a staircase to the Elven Halls.
 18931 | Orc:2    | Reached skill level 10 in Armour
 19354 | Orc:2    | Found Ceonkaco's General Store.
 19354 | Orc:2    | Found Monuiwn's Book Emporium.
 19356 | Orc:2    | Found Amehuut's General Store.
 19356 | Orc:2    | Found Tempigh's Assorted Antiques.
 19362 | Orc:2    | Bought a scroll of identify for 24 gold pieces
 19362 | Orc:2    | Bought a scroll of remove curse for 36 gold pieces
 19362 | Orc:2    | Bought a scroll of identify for 24 gold pieces
 19362 | Orc:2    | Bought a scroll of identify for 24 gold pieces
 19362 | Orc:2    | Bought a scroll of identify for 24 gold pieces
 19365 | Orc:2    | Identified 2 scrolls of acquirement
 19371 | Orc:2    | Bought a scroll of fear for 56 gold pieces
 19371 | Orc:2    | Bought a potion of agility for 64 gold pieces
 19372 | Orc:2    | Bought a scroll labeled QAUQIE ERGHAMEAGEO for 27 gold pieces
 19507 | Lair:1   | Gained mutation: You are partially covered in rugged brown scales. (AC +1, +3% HP) [potion of beneficial mutation]
 19653 | D:13     | Noticed Nessos
 19670 | D:13     | Killed Nessos
 19686 | D:13     | Killed spanner's ghost
 20951 | D:14     | Reached XP level 15. HP: 52/135 MP: 27/27
 21293 | D:14     | Noticed clown's ghost (journeyman MfSk)
 21307 | D:14     | Killed clown's ghost
 21388 | D:14     | Noticed zervinho's ghost (journeyman MiFi)
 21436 | D:14     | Found a portal to a secret trove of treasure.
 21905 | Swamp:1  | Entered Level 1 of the Swamp
 22006 | Swamp:1  | Noticed a thorn hunter
 22020 | Swamp:1  | Killed a thorn hunter
 23991 | Swamp:3  | Reached XP level 16. HP: 59/143 MP: 28/28
 24455 | Swamp:4  | Entered Level 4 of the Swamp
 24827 | Swamp:4  | Noticed a thorn hunter
 24950 | Swamp:4  | Killed a thorn hunter
 26179 | Swamp:4  | Got a decaying rune of Zot
 26366 | Swamp:2  | Noticed a thorn hunter
 26380 | Swamp:2  | Killed a thorn hunter
 26611 | Snake:1  | Entered Level 1 of the Snake Pit
 27348 | Snake:1  | Found a shattered altar of Ashenzari.
 27377 | Snake:1  | Reached XP level 17. HP: 111/150 MP: 29/29
 27792 | Snake:2  | Noticed Louise
 27839 | Snake:2  | Killed Louise
 28464 | Snake:2  | Noticed Wiglaf
 28515 | Snake:2  | Killed Wiglaf
 29842 | Snake:3  | Reached skill level 10 in Evocations
 30407 | Snake:3  | Noticed Roxanne
 30426 | Snake:3  | Killed Roxanne
 30429 | Snake:3  | Identified Roxanne's Tome of Transmutation (You took it off Roxanne on level 3 of the Snake Pit)
 30523 | Snake:3  | Noticed Azrael
 30531 | Snake:3  | Killed Azrael
 30611 | Snake:3  | Reached XP level 18. HP: 121/160 MP: 31/31
 30653 | Snake:3  | Upgraded the game from 0.19-a0-811-gf4045fb to 0.19-a0-816-geccf914
 30927 | Snake:4  | Entered Level 4 of the Snake Pit
 31753 | Snake:4  | Got a serpentine rune of Zot
 32296 | Snake:4  | Found Wauw's Magic Scroll Shoppe.
 32304 | Snake:4  | Bought a scroll of teleportation for 48 gold pieces
 32304 | Snake:4  | Bought a scroll of recharging for 152 gold pieces
 32304 | Snake:4  | Bought a scroll of blinking for 120 gold pieces
 32304 | Snake:4  | Bought a scroll of enchant armour for 120 gold pieces
 32304 | Snake:4  | Bought a scroll of immolation for 56 gold pieces
 33031 | D:14     | Got a dazzling cloak
 33113 | D:14     | Reached skill level 10 in Dodging
 33119 | D:14     | Killed zervinho's ghost
 33128 | D:14     | Found a gate to the Vaults.
 33145 | D:14     | Identified the cursed +0 cloak "Didov" {rC+ Str+4 Dex-4 Slay+2} (You found it on level 14 of the Dungeon)
 33432 | D:15     | Entered Level 15 of the Dungeon
 33532 | D:15     | Got a slimy golden ring
 33538 | D:15     | Identified the ring "Woxt" {rC+ AC+1 Dex+4} (You found it on level 15 of the Dungeon)
 33651 | D:15     | Found Duchuvai's Antique Weapon Shoppe.
 33794 | D:15     | Found Mekh's Food Shop.
 33798 | D:15     | Reached XP level 19. HP: 122/169 MP: 32/32
 33823 | D:15     | Got a brightly glowing battleaxe
 33824 | D:15     | Identified the +3 battleaxe of Vyotyfas {chop, rC+ Int+3} (You acquired it on level 15 of the Dungeon)
 33970 | D:15     | Found Gujer's Weapon Boutique.
 34469 | D:15     | Found a staircase to the Depths.
 34679 | D:15     | Got a steaming copper ring
 34681 | D:15     | Identified the ring "Huxt" {rF+ rN+ Str-5 Stlth-} (You found it on level 15 of the Dungeon)
 34779 | D:15     | Got a pitted golden ring
 34781 | D:15     | Identified the ring "Kolehaic" {*Tele *Corrode MR+++ Int-3 SInv Stlth+} (You found it on level 15 of the Dungeon)
 34979 | Vaults:1 | Entered Level 1 of the Vaults
 35036 | Vaults:1 | Paralysed by a great orb of eyes for 4 turns
 37214 | Vaults:2 | Reached XP level 20. HP: 150/181 MP: 34/34
 37347 | Vaults:2 | Found Vatham Jix's Jewellery Shop.
 37354 | Vaults:2 | Bought the ring "Beffuoran" {Wiz *Contam rF++ rC- Str+8} for 997 gold pieces
 38475 | Vaults:3 | Learned a level 1 spell: Summon Butterflies
 38512 | Vaults:3 | Reached skill level 1 in Summonings
 38600 | Vaults:3 | Reached skill level 1 in Spellcasting
 39020 | Vaults:3 | Paralysed by a great orb of eyes for 4 turns
 39460 | Vaults:3 | Found a staircase to the Crypt.
 40346 | Vaults:4 | Reached skill level 15 in Fighting
 40789 | Vaults:4 | Cast into level 3 of the Abyss (a deep elf demonologist)
 40944 | Abyss:3  | Reached XP level 21. HP: 144/189 MP: 35/35
 41375 | Vaults:4 | Escaped the Abyss
 41380 | Vaults:4 | HP: 9/189 [Executioner[an ironheart preserver] (10)]
 42667 | Vaults:4 | Reached skill level 5 in Summonings
 43167 | Depths:1 | Entered Level 1 of the Depths
 43252 | Depths:1 | Found a gateway to a ziggurat.
 43350 | Depths:1 | Found a gateway to Hell.
 44609 | Depths:2 | Reached XP level 22. HP: 199/199 MP: 36/36
 45221 | Depths:2 | Reached skill level 15 in Armour
 45790 | Depths:3 | Paralysed by a giant eyeball for 2 turns
 45795 | Depths:3 | Found a one-way gate leading to the halls of Pandemonium.
 45923 | Depths:3 | Reached skill level 5 in Spellcasting
 46526 | Depths:3 | HP: 7/201 [spriggan air mage/the air[a spriggan defender] (18)]
 46529 | Depths:2 | Found a one-way gate to the infinite horrors of the Abyss.
 46969 | Depths:3 | Reached XP level 23. HP: 130/209 MP: 38/38
 47653 | Depths:3 | Got a warped scale mail
 47664 | Depths:3 | Identified the +2 scale mail of Lilacs {rF++ Int-3} (You found it on level 3 of the Depths)
 47831 | Depths:4 | Found a corrupted altar of Lugonu.
 48006 | Depths:4 | Found a large runed door.
 48007 | Depths:4 | Found a large runed door.
 48547 | D:15     | Upgraded the game from 0.19-a0-816-geccf914 to 0.19-a0-835-gf140595
 49294 | Depths:5 | Entered Level 5 of the Depths
 49573 | Depths:5 | Noticed a golden dragon
 49582 | Depths:5 | Killed a golden dragon
 49936 | Depths:5 | Paralysed by a great orb of eyes for 6 turns
 50100 | Depths:5 | Found a gate to the Realm of Zot.
 50451 | Depths:4 | Reached XP level 24. HP: 203/220 MP: 38/38
 50966 | Elf:1    | Entered Level 1 of the Elven Halls
 51193 | Elf:1    | Found Omaegal's Weapon Shoppe.
 51807 | Elf:2    | Found a runed gate.
 52061 | Elf:2    | Learned a level 2 spell: Repel Missiles
 52699 | Elf:2    | Found a runed gate.
 52699 | Elf:2    | Found a runed gate.
 52776 | Elf:2    | Cast into level 2 of the Abyss (halberd of distortion)
 52776 | Abyss:2  | Found a corrupted altar of Lugonu.
 52828 | Abyss:2  | Found a corrupted altar of Lugonu.
 52895 | Elf:2    | Escaped the Abyss
 52919 | Elf:2    | Reached skill level 1 in Charms
 52921 | Elf:2    | Reached skill level 1 in Air Magic
 53458 | Elf:3    | Entered Level 3 of the Elven Halls
 53520 | Elf:3    | Found Ewka's Book Shop.
 53538 | Elf:3    | Found Syroh's Gadget Shop.
 53690 | Elf:3    | Found Caqit's Antique Armour Boutique.
 53697 | Elf:3    | Bought a slimy scale mail for 351 gold pieces
 53707 | Elf:3    | Identified the +6 scale mail of Sarphiqin {+Inv} (You bought it in a shop on level 3 of the Elven Halls)
 54215 | Elf:3    | Found Bifyer's General Store.
 54762 | Elf:3    | Got a twitching copper ring
 54764 | Elf:3    | Identified the ring "Domomonk" {Wiz rPois Slay+3 SInv} (You took it off a deep elf blademaster on level 3 of the Elven Halls)
 54770 | Elf:3    | Got a coiled brass ring
 54772 | Elf:3    | Identified the ring "Cuuniaza" {SustAt rN+ Int+4 Dex+2} (You took it off a deep elf master archer on level 3 of the Elven Halls)
 54793 | Elf:3    | Learned a level 2 spell: Blink
 54795 | Elf:3    | Learned a level 1 spell: Apportation
 54823 | Elf:3    | Learned a level 3 spell: Regeneration
 54826 | Elf:3    | Learned a level 2 spell: Song of Slaying
 54891 | Elf:3    | Identified the Incunabulum of Boosting Stones
 54899 | Elf:3    | Identified Sif Muna's Almanac of Flamy Orientation
 54917 | Elf:3    | Got a dazzling war axe
 54918 | Elf:3    | Identified the +5 war axe "Unoeps" {venom, *Rage rC+ Str+3 SInv} (You found it on level 3 of the Elven Halls)
 55148 | Lair:1   | Learned a level 5 spell: Dispel Undead
 55357 | Hell     | Entered the Vestibule of Hell
 55357 | Hell     | Noticed Geryon
 55373 | Hell     | Killed Geryon
 55382 | Hell     | Reached XP level 25. HP: 107/230 MP: 31/38
 55389 | Depths:1 | Reached skill level 1 in Necromancy
 55606 | Hell     | Reached skill level 1 in Translocations
 55743 | D:14     | You paid a toll of the horn of Geryon to enter a treasure trove
 55744 | Trove    | Entered a treasure trove
 55747 | Trove    | Got a coiled brass amulet
 55751 | Trove    | Got a faintly glowing iron ring
 55755 | Trove    | Identified the amulet of Hum Reit {Spirit MR+} (You found it in a treasure trove)
 55767 | Trove    | Got a twitching tin amulet
 55768 | Trove    | Identified the amulet of Xom's Bemusement {Spirit rC- Str+4} (You found it in a treasure trove)
 55773 | Trove    | Got a sparkling bronze ring
 55774 | Trove    | Identified the ring of Qeasoimo {+Fly rN+ MR- Int+8} (You found it in a treasure trove)
 55777 | Trove    | Identified the ring "Ifes" {Fire rN+ Int+3 Dex-4} (You found it in a treasure trove)
 55785 | Trove    | Got a sparkling steel ring
 55787 | Trove    | Identified the ring of Wayntej {rElec Str+4 Int+6 SInv} (You found it in a treasure trove)
 55802 | Trove    | Got a crude ivory amulet
 55804 | Trove    | Identified the amulet "Ewi Ref" {Inacc rC+ Int+5} (You found it in a treasure trove)
 55811 | Trove    | Got a wavering tin ring
 55813 | Trove    | Identified the ring "Xikuedecw" {*Drain +Fly rN+ Str+4 Int+6} (You found it in a treasure trove)
 55821 | Trove    | Got a clouded ivory amulet
 55822 | Trove    | Identified the amulet "Yrext" {Fragile rF+ MR+ Regen+ Str+2} (You found it in a treasure trove)
 55907 | D:15     | Gained mutation: You tend to lose your temper in combat. [mutagenic glow]
 55935 | D:15     | Lost mutation: You are agile. (Dex +2) [potion of cure mutation]
 55935 | D:15     | Lost mutation: You are partially covered in rugged brown scales. (AC +1, +3% HP) [potion of cure mutation]
 55935 | D:15     | Lost mutation: You tend to lose your temper in combat. [potion of cure mutation]
 56159 | Vaults:5 | Entered Level 5 of the Vaults
 56205 | Vaults:5 | Noticed Mennas
 56219 | Vaults:5 | Killed Mennas
 56490 | Vaults:5 | Noticed Margery
 56494 | Vaults:5 | Killed Margery
 56503 | Vaults:5 | Reached skill level 5 in Charms
 56912 | Vaults:5 | Reached skill level 5 in Necromancy
 56990 | Vaults:5 | Reached XP level 26. HP: 177/234 MP: 36/38
 57093 | Vaults:5 | Identified a +4 rod of ignition (9/9) (You found it on level 5 of the Vaults)
 57337 | Vaults:5 | Got a faintly glowing bone ring
 57338 | Vaults:5 | Identified the ring of Det Coah {+Inv Int+2} (You found it on level 5 of the Vaults)
 57746 | Vaults:5 | Got a scintillating tin ring
 57747 | Vaults:5 | Identified the ring of Niheg {*Tele rPois Int+3 SInv} (You took it off a yaktaur captain on level 5 of the Vaults)
 57815 | Vaults:5 | Got a steaming garnet amulet
 57816 | Vaults:5 | Identified the amulet of Useutidd {Spirit Fragile rPois Str+4 Slay+3} (You found it on level 5 of the Vaults)
 57837 | Vaults:5 | Got a shimmering steel ring
 57838 | Vaults:5 | Identified the ring "Pebronin" {rElec SInv} (You found it on level 5 of the Vaults)
 57856 | Vaults:5 | Got a heavily runed ivory amulet
 57857 | Vaults:5 | Identified the amulet "Puhur" {Harm *Drain MR+} (You took it off an ogre mage on level 5 of the Vaults)
 57957 | Vaults:5 | Got a silver rune of Zot
 58197 | Vaults:5 | Got a pitted chain mail
 58208 | Vaults:5 | Identified the +3 chain mail "Asaprodi" {Int+5 Stlth+} (You found it on level 5 of the Vaults)
 58228 | Vaults:5 | Identified Yrgheceluwn's Guide on Ashen Hexes (You found it on level 5 of the Vaults)
 59074 | Crypt:1  | Entered Level 1 of the Crypt
 59082 | Crypt:1  | Noticed Boris
 59088 | Crypt:1  | Killed Boris
 59088 | Crypt:1  | Reached skill level 5 in Translocations
 59338 | Crypt:1  | Noticed Aizul
 59350 | Crypt:1  | Killed Aizul
 59554 | Crypt:1  | Got a coiled copper ring
 59555 | Crypt:1  | Identified the ring of Fanaticism {+Fly Dex+6} (You found it on level 1 of the Crypt)
 60198 | Crypt:2  | Reached XP level 27. HP: 242/243 MP: 35/39
 60665 | Crypt:3  | Entered Level 3 of the Crypt
 60906 | Crypt:3  | Found a staircase to the Tomb.
 61059 | Crypt:3  | Found an ancient bone altar of Kikubaaqudgha.
 61059 | Crypt:3  | Found a basalt altar of Yredelemnul.
 61195 | Crypt:3  | Got a smoking broad axe
 61196 | Crypt:3  | Identified the +5 broad axe "Uraty" {vamp, Str+4} (You found it on level 3 of the Crypt)
 61257 | Crypt:3  | Got a warped pewter ring
 61257 | Crypt:3  | Got a brightly glowing marble ring
 61259 | Crypt:3  | Identified the ring "Ynioc" {rN+ Str+3 Dex+2 Stlth+} (You found it on level 3 of the Crypt)
 61263 | Crypt:3  | Identified the ring of the Good {rElec rC+ rN+ Dex+2 Stlth-} (You found it on level 3 of the Crypt)
 61441 | Crypt:3  | Reached skill level 10 in Necromancy
 61448 | Crypt:3  | Paralysed by a lich for 6 turns
 61571 | Crypt:3  | Found a runed gate.
 61571 | Crypt:3  | Found a runed gate.
 61571 | Crypt:3  | Found a runed gate.
 61689 | Crypt:3  | Found a shimmering altar of Xom.
 62655 | Slime:1  | Entered Level 1 of the Pits of Slime
 62734 | Slime:2  | Reached skill level 10 in Spellcasting
 62772 | Slime:2  | Gained mutation: You are frail. (-10% HP) [a shining eye]
 62984 | Slime:5  | Entered Level 5 of the Pits of Slime
 63000 | Slime:5  | Noticed Dissolution
 63007 | Slime:5  | Killed Dissolution
 63098 | Slime:5  | Noticed the Royal Jelly
 63118 | Slime:5  | Killed the Royal Jelly
 63118 | Slime:5  | Reached skill level 15 in Dodging
 63496 | Slime:5  | Got a faintly glowing cloak
 63507 | Slime:5  | Identified the +2 cloak of the Game of Life {+Fly Slay+2} (You found it on level 5 of the Pits of Slime)
 63556 | Slime:5  | Got a bronze chain mail
 63615 | Slime:5  | Got a faintly humming cloak
 63623 | Slime:5  | Got a scorched amber ring
 63648 | Slime:5  | Learned a level 5 spell: Aura of Abjuration
 63675 | Slime:5  | Got a slimy rune of Zot
 63949 | Lair:1   | Identified the cursed +1 chain mail "Jeghya" {rN+} (You found it on level 5 of the Pits of Slime)
 63974 | Lair:1   | Identified the +2 cloak of Sois {rC+ Dex+2} (You found it on level 5 of the Pits of Slime)
 63975 | Lair:1   | Identified the ring of Tynuuhideni {-Tele +Inv Str+3 Slay+3} (You found it on level 5 of the Pits of Slime)
 64215 | Zot:1    | Entered Level 1 of the Realm of Zot
 66133 | Zot:3    | Reached skill level 10 in Summonings
 66647 | Zot:3    | Got a smoking ivory ring
 66648 | Zot:3    | Identified the ring "Girotez" {rPois rC+ Str+4} (You found it on level 3 of the Realm of Zot)
 67174 | Zot:4    | Reached skill level 10 in Charms
 67729 | D:15     | Learned a level 8 spell: Infestation
 67738 | D:15     | Learned a level 8 spell: Necromutation
 67798 | Zig:1    | Entered Level 1 of a ziggurat
 67831 | Zig:2    | Entered Level 2 of a ziggurat
 67865 | Zig:3    | Entered Level 3 of a ziggurat
 67867 | Zig:3    | Gained mutation: Your spells are a little easier to cast, but a little less powerful. [a shining eye]
 67880 | Zig:3    | Gained mutation: Your magical capacity is low. (-10% MP) [a shining eye]
 67902 | Zig:4    | Entered Level 4 of a ziggurat
 67904 | Zig:4    | Paralysed by a sphinx for 2 turns
 67936 | Zig:5    | Entered Level 5 of a ziggurat
 67982 | Zig:6    | Entered Level 6 of a ziggurat
 68017 | Zig:6    | Got a crude ivory ring
 68019 | Zig:6    | Identified the ring "Viky" {rN+ MR+ Str+4 Dex+7} (You found it on level 6 of a ziggurat)
 68032 | Zig:7    | Entered Level 7 of a ziggurat
 68125 | Zig:8    | Entered Level 8 of a ziggurat
 68224 | Zig:9    | Entered Level 9 of a ziggurat
 68284 | Zig:10   | Entered Level 10 of a ziggurat
 68291 | Zig:10   | Noticed a juggernaut
 68302 | Zig:10   | Killed a juggernaut
 68306 | Zig:10   | Cast into level 2 of the Abyss (orc warlord)
 68317 | Abyss:3  | Found a corrupted altar of Lugonu.
 68740 | Abyss:3  | Gained mutation: Your spells are easier to cast, but less powerful. [a neqoxec]
 69056 | Abyss:3  | Noticed an ancient lich
 69059 | Abyss:3  | Killed an ancient lich
 69065 | Abyss:3  | Got an abyssal rune of Zot
 69074 | Zig:10   | Escaped the Abyss
 69159 | Zig:11   | Entered Level 11 of a ziggurat
 69215 | Zig:11   | Got a pair of smoking boots
 69226 | Zig:11   | Identified the +2 pair of boots "Ammianao" {rF+} (You found it on level 11 of a ziggurat)
 69238 | Zig:11   | kuniqs: how's uskayaw in zigs?
 69238 | Zig:11   | Identified a +1 rod of ignition (14/14) (You found it on level 11 of a ziggurat)
 69249 | Zig:11   | Lost mutation: Your spells are easier to cast, but less powerful. [potion of cure mutation]
 69249 | Zig:11   | Lost mutation: Your magical capacity is low. (-10% MP) [potion of cure mutation]
 69249 | Zig:11   | Lost mutation: Your spells are a little easier to cast, but a little less powerful. [potion of cure mutation]
 69249 | Zig:11   | Lost mutation: You are frail. (-10% HP) [potion of cure mutation]
 69261 | Zig:12   | Entered Level 12 of a ziggurat
 69272 | Zig:12   | Noticed an ancient lich
 69284 | Zig:12   | Killed an ancient lich
 69332 | Zig:12   | Got a slimy marble ring
 69334 | Zig:12   | Identified the ring "Vucezaiv" {rElec Int+4 Slay+3} (You found it on level 12 of a ziggurat)
 69366 | Zig:13   | Entered Level 13 of a ziggurat
 69412 | Zig:13   | Identified a +0 rod of inaccuracy (9/9) (You found it on level 13 of a ziggurat)
 69514 | Zig:14   | Entered Level 14 of a ziggurat
 69628 | Zig:15   | Entered Level 15 of a ziggurat
 69812 | Zig:16   | Entered Level 16 of a ziggurat
 69886 | Zig:16   | Identified Sif Muna's Compendium of the Flying Snowflakes
 69908 | Zig:16   | Got a pair of spiked boots
 69919 | Zig:16   | Identified the cursed +0 pair of boots of Resourcefulness {*Contam Slay+2 Stlth+} (You found it on level 16 of a ziggurat)
 70043 | Zig:17   | Entered Level 17 of a ziggurat
 70062 | Zig:17   | Noticed Assaqay the pandemonium lord
 70076 | Zig:17   | Killed Assaqay the pandemonium lord
 70081 | Zig:17   | HP: 13/260 [reaper/scythe of freezing (22)]
 70176 | Zig:17   | Identified a +5 rod of clouds (9/9) (You found it on level 17 of a ziggurat)
 70186 | Zig:17   | Learned a level 5 spell: Cigotuvi's Embrace
 70212 | Zig:17   | Identified the Disquisition on the Volcanoes and the Birds (You found it on level 17 of a ziggurat)
 70388 | Zig:18   | Entered Level 18 of a ziggurat
 70415 | Zig:18   | Noticed an ancient lich
 70418 | Zig:18   | Noticed an ancient lich
 70418 | Zig:18   | Noticed an ancient lich
 70422 | Zig:18   | Noticed an ancient lich
 70426 | Zig:18   | Killed an ancient lich
 70427 | Zig:18   | Noticed an ancient lich
 70428 | Zig:18   | Killed an ancient lich
 70434 | Zig:18   | Killed an ancient lich
 70436 | Zig:18   | Noticed an ancient lich
 70436 | Zig:18   | Killed an ancient lich
 70436 | Zig:18   | Reached skill level 15 in Evocations
 70439 | Zig:18   | Killed an ancient lich
 70558 | Zig:19   | Entered Level 19 of a ziggurat
 70558 | Zig:19   | Noticed Eptamerus's ghost (legendary MiFi)
 70561 | Zig:19   | Noticed iroha's ghost (legendary DsGl)
 70583 | Zig:19   | Killed Eptamerus's ghost
 70584 | Zig:19   | Killed iroha's ghost
 70639 | Zig:19   | Gained mutation: You are dopey. (Int -2) [a shining eye]
 70674 | Zig:19   | Gained mutation: You are clumsy. (Dex -2) [a shining eye]
 70678 | Zig:19   | Gained mutation: You are very dopey. (Int -4) [mutagenic glow]
 70908 | Zig:19   | Reached skill level 27 in Invocations
 70914 | Zig:19   | Got a bound crystal amulet
 70915 | Zig:19   | Identified the amulet "Fyiss" {Inacc rPois rN+ Str+4 Int+3} (You found it on level 19 of a ziggurat)
 70930 | Zig:20   | Entered Level 20 of a ziggurat
 70942 | Zig:20   | Noticed a juggernaut
 70943 | Zig:20   | Noticed a juggernaut
 70945 | Zig:20   | Noticed a juggernaut
 70952 | Zig:20   | Killed a juggernaut
 70952 | Zig:20   | Reached skill level 15 in Necromancy
 70952 | Zig:20   | Killed a juggernaut
 70961 | Zig:20   | Killed a juggernaut
 71099 | Zig:20   | Identified a +2 rod of shadows (11/11) (You found it on level 20 of a ziggurat)
 71121 | Zig:20   | Got a flickering steel ring
 71122 | Zig:20   | Identified the ring of Diaprat {Int+2 Slay+4} (You found it on level 20 of a ziggurat)
 71142 | Zig:20   | Got a faintly glowing cloak
 71143 | Zig:20   | Identified the +0 cloak "Icifrue" {+Blink MR+} (You found it on level 20 of a ziggurat)
 71230 | D:15     | Learned a level 6 spell: Haste
 71478 | Hell     | Found a gateway to the decaying netherworld of Tartarus.
 71552 | Hell     | Found a gateway to the freezing wastes of Cocytus.
 71583 | Hell     | Found a gateway to the Iron City of Dis.
 71637 | Hell     | Found a gateway to the ashen valley of Gehenna.
 71825 | Pan      | Entered Pandemonium
 72019 | Pan      | Found an exit through the horrors of the Abyss.
 72360 | Pan      | Noticed Kemyux the pandemonium lord
 72370 | Pan      | Killed Kemyux the pandemonium lord
 72465 | Pan      | Found an exit through the horrors of the Abyss.
 72491 | Pan      | Noticed Zuomer the pandemonium lord
 72510 | Pan      | Killed Zuomer the pandemonium lord
 72962 | Pan      | Took an exit into the Abyss.
 72962 | Abyss:1  | Escaped into the Abyss
 73116 | Depths:3 | Escaped the Abyss
 73218 | Pan      | Entered Pandemonium
 73298 | Pan      | Noticed Heahed the pandemonium lord
 73307 | Pan      | Killed Heahed the pandemonium lord
 73471 | Pan      | Found a runed door.
 73500 | Pan      | Noticed Hevaono the pandemonium lord
 73502 | Pan      | Gained mutation: Your spells are a little easier to cast, but a little less powerful. [a cacodemon]
 73509 | Pan      | Killed Hevaono the pandemonium lord
 73552 | Pan      | Upgraded the game from 0.19-a0-835-gf140595 to 0.19-a0-879-gdac7d08
 73904 | Pan      | Found an exit through the horrors of the Abyss.
 74009 | Depths:3 | Escaped Pandemonium
 74115 | Pan      | Entered Pandemonium
 74385 | Pan      | Found an exit through the horrors of the Abyss.
 74437 | Pan      | Reached skill level 27 in Axes
 74580 | Pan      | Noticed Xaiblyto the pandemonium lord
 74626 | Pan      | Killed Xaiblyto the pandemonium lord
 74640 | Pan      | Got a demonic rune of Zot
 74915 | Pan      | Found an exit through the horrors of the Abyss.
 74930 | Pan      | Lost mutation: You are very dopey. (Int -4) [potion of cure mutation]
 74930 | Pan      | Lost mutation: Your spells are a little easier to cast, but a little less powerful. [potion of cure mutation]
 74930 | Pan      | Lost mutation: You are clumsy. (Dex -2) [potion of cure mutation]
 74930 | Pan      | Lost mutation: You are dopey. (Int -2) [potion of cure mutation]
 75184 | Pan      | Gained mutation: Your magical capacity is low. (-10% MP) [a cacodemon]
 75323 | Pan      | Entered the realm of Cerebov.
 75326 | Pan      | Got a scorched tin ring
 75327 | Pan      | Identified the ring of the Swan {rCorr +Blink} (You found it in Pandemonium)
 75331 | Pan      | Identified the Almanac of the Poisonous Frostbite
 75337 | Pan      | Got a pair of translucent gloves
 75348 | Pan      | Identified the cursed +0 pair of gloves of Summertime {rPois Dex+3 SInv} (You found it in Pandemonium)
 75367 | Pan      | Got a fine plate armour
 75368 | Pan      | Identified the cursed +1 plate armour of the Solstice {MP+9 Int+3} (You found it in Pandemonium)
 75399 | Pan      | Noticed Cerebov
 75400 | Pan      | Killed Cerebov
 75519 | Pan      | Got a fiery rune of Zot
 75590 | Pan      | Identified a +4 rod of shadows (14/14) (You found it in Pandemonium)
 75656 | Pan      | Found an exit through the horrors of the Abyss.
 75812 | Pan      | Took an exit into the Abyss.
 75812 | Abyss:1  | Escaped into the Abyss
 75817 | Abyss:1  | Got a transparent lapis lazuli ring
 75818 | Abyss:1  | Identified the ring of Mar Sidou {*Corrode rPois rF+ rN+ Int+7 Stlth+} (You found it on level 1 of the Abyss)
 75925 | Depths:3 | Escaped the Abyss
 76043 | Pan      | Entered Pandemonium
 76077 | Pan      | Noticed Laewoc the pandemonium lord
 76091 | Pan      | Killed Laewoc the pandemonium lord
 76259 | Pan      | Found an exit through the horrors of the Abyss.
 76324 | Pan      | Noticed Yngyh the pandemonium lord
 76338 | Pan      | Killed Yngyh the pandemonium lord
 76379 | Pan      | Gained mutation: You tend to lose your temper in combat. [a cacodemon]
 76490 | Depths:3 | Escaped Pandemonium
 76683 | D:8      | Bought a potion of curing for 45 gold pieces
 76683 | D:8      | Bought a potion of heal wounds for 75 gold pieces
 76683 | D:8      | Bought a potion of brilliance for 60 gold pieces
 76683 | D:8      | Bought a potion of heal wounds for 75 gold pieces
 76683 | D:8      | Bought a potion of cure mutation for 375 gold pieces
 76683 | D:8      | Lost mutation: Your magical capacity is low. (-10% MP) [potion of cure mutation]
 76683 | D:8      | Lost mutation: You tend to lose your temper in combat. [potion of cure mutation]
 76872 | Pan      | Entered Pandemonium
 76904 | Pan      | Noticed Plog the pandemonium lord
 76904 | Pan      | Reached skill level 15 in Charms
 76912 | Pan      | Killed Plog the pandemonium lord
 76934 | Pan      | Found an exit through the horrors of the Abyss.
 76938 | Pan      | Entered the realm of Mnoleg.
 76949 | Pan      | Noticed Mnoleg
 76951 | Pan      | Gained mutation: You tend to lose your temper in combat. [a neqoxec]
 76963 | Pan      | Killed Mnoleg
 76967 | Pan      | Gained mutation: Scrolls take you a little longer to read. [a neqoxec]
 76976 | Pan      | Reached skill level 15 in Spellcasting
 76989 | Pan      | Gained mutation: You are weak. (Str -2) [a cacodemon]
 77019 | Pan      | Got a glowing rune of Zot
 77157 | Pan      | Gained mutation: Your body sometimes deteriorates upon taking damage. [a cacodemon]
 77172 | Pan      | Entered the realm of Gloorx Vloq.
 77322 | Pan      | Noticed Gloorx Vloq
 77323 | Pan      | Killed Gloorx Vloq
 77332 | Pan      | Got a dark rune of Zot
 77599 | Pan      | Found an exit through the horrors of the Abyss.
 77613 | Pan      | Took an exit into the Abyss.
 77613 | Abyss:1  | Escaped into the Abyss
 77674 | Depths:3 | Escaped the Abyss
 77744 | D:15     | Lost mutation: You tend to lose your temper in combat. [potion of cure mutation]
 77744 | D:15     | Lost mutation: Scrolls take you a little longer to read. [potion of cure mutation]
 77744 | D:15     | Lost mutation: You are weak. (Str -2) [potion of cure mutation]
 77744 | D:15     | Lost mutation: Your body sometimes deteriorates upon taking damage. [potion of cure mutation]
 77793 | Pan      | Entered Pandemonium
 77807 | Pan      | Gained mutation: You have a pair of small antennae on your head. [a cacodemon]
 77877 | Pan      | Noticed Duer the pandemonium lord
 77891 | Pan      | Killed Duer the pandemonium lord
 77905 | Pan      | Entered the realm of Lom Lobon.
 77933 | Pan      | Found an exit through the horrors of the Abyss.
 78149 | Pan      | Noticed Lom Lobon
 78179 | Pan      | Killed Lom Lobon
 78183 | Pan      | Got a magical rune of Zot
 78272 | Pan      | Took an exit into the Abyss.
 78272 | Abyss:1  | Escaped into the Abyss
 78274 | Abyss:1  | Found a corrupted altar of Lugonu.
 78276 | Depths:3 | Escaped the Abyss
 78385 | Tar:1    | Entered Level 1 of Tartarus
 78815 | Tar:7    | Entered Level 7 of Tartarus
 79053 | Tar:7    | Gained mutation: Your magical capacity is low. (-10% MP) [a neqoxec]
 79328 | Tar:7    | Noticed Ereshkigal
 79337 | Tar:7    | Reached skill level 27 in Fighting
 79338 | Tar:7    | Killed Ereshkigal
 79401 | Tar:7    | Identified the Handbook of Hurtful Boosts
 79405 | Tar:7    | Got a bone rune of Zot
 79412 | Tar:7    | Identified the Volume of the Entourage and Augmentations
 79903 | D:15     | Lost mutation: You have a pair of small antennae on your head. [potion of cure mutation]
 79986 | Coc:1    | Entered Level 1 of Cocytus
 80352 | Coc:7    | Entered Level 7 of Cocytus
 80504 | Coc:7    | Noticed Antaeus
 80511 | Coc:7    | Killed Antaeus
 80538 | Coc:7    | Got an icy rune of Zot
 80584 | Coc:7    | Got a glittering iron ring
 80585 | Coc:7    | Identified the ring "Apepn" {rN+ Dex+3} (You took it off Antaeus on level 7 of Cocytus)
 80620 | Coc:7    | Identified a +4 rod of clouds (10/10) (You found it on level 7 of Cocytus)
 80654 | Coc:7    | Identified the Compendium of the Lucky Arsonist
 81019 | Geh:1    | Entered Level 1 of Gehenna
 81257 | Geh:7    | Entered Level 7 of Gehenna
 81562 | Geh:7    | Noticed the Serpent of Hell
 81563 | Geh:7    | Killed the Serpent of Hell
 81688 | Geh:7    | Identified Sif Muna's Almanac of Self-Knowledge and Black Magic
 81780 | Geh:7    | Noticed Asmodeus
 81798 | Geh:7    | Killed Asmodeus
 81805 | Geh:7    | Got an obsidian rune of Zot
 81850 | Geh:7    | Identified the Incunabulum of Augmentations and Summoning
 82089 | Dis:1    | Entered Level 1 of the Iron City of Dis
 82930 | Dis:6    | Mangled by a reaper

Vault maps used:
D:1:      minmay_arrival_checkered_box
D:3:      grunt_dithmenos_smoke
D:4:      corexii_shack_village, first_bread, minmay_distorted, uniq_eustachio,
          uniq_robin, uniq_edmund
D:5:      minmay_misc_feat_tower, uniq_grinder, uniq_crazy_yiuf_cottage
D:6:      corexii_leaking_fountain, grunt_decor_arrowhead
D:7:      grunt_livestock
D:8:      serial_shops, shop
D:9:      mumra_celtic_spiral_tile, lair_0_dummy, kennysheep_nondescript
D:13:     serial_ice, serial_ice_i, serial_ice_h, serial_ice_b, serial_ice_g,
          uniq_nessos
D:14:     minmay_ambush_box, david_vaults_4, nicolae_trove_entry_crystal
D:15:     hangedman_spin_cycle
Temple:   nicolae_temple_the_god_donut
Lair:1:   gammafunk_lair_bear_cave, grunt_megastairs_2
Lair:2:   minmay_lair_oklob_tunnel
Lair:3:   lab_entry_generic
Lair:4:   swamp_mist_pool, guppyfry_snake_entry_island,
          portal_ice_cave_entry_ice_beasts, uniq_kirke
Lair:5:   slime_dummy, lemuel_fruit_fields
Lair:6:   grunt_lair_end_beastmaster, lemuel_fruit_fields,
          infiniplex_staircase_pool
Swamp:1:  evilmike_swamp_ruin_rubble_2, swamp_pool1,
          nicolae_swamp_round_clearing, nicolae_swamp_necromancer_hut
Swamp:2:  hangedman_swamp_pad, swamp_pool1
Swamp:3:  nicolae_swamp_dense_foliage, swamp_pool1
Swamp:4:  swamp_basic_johnstein
Snake:1:  basic_altar, lemuel_fruit_tree
Snake:2:  spider_trap, st_stairs_13, nrook_loot_triangle, uniq_wiglaf,
          uniq_louise
Snake:3:  uniq_roxanne, uniq_azrael
Snake:4:  snake_pit, serial_shops, shop
Slime:2:  nicolae_slime_round_cave
Slime:5:  uniq_dissolution
Orc:1:    uniq_gastronok
Orc:2:    grunt_orc_tribal_feast, serial_shops, shop
Elf:1:    minmay_elf_arrival_summoners, serial_shops,
          nicolae_shop_temple_entry_statues_fountains, hangedman_elf_disciples
Elf:2:    lemuel_elevator
Elf:3:    elf_hall_gauntlet_narrow, serial_shops, shop, nicolae_shop_crystal,
          shop, nicolae_shop_crystal
Vaults:1: v_misc_17, nicolae_vaults_theta, v_rooms_2, nicolae_vaults_gold_heap,
          v_misc_26, nicolae_vaults_circle_grid_b, serial_ice_g,
          grunt_vaults_hallway_short
Vaults:2: nicolae_vaults_little_squares_4, v_misc_13, vaults_room_boxed,
          hangedman_vaults_nails, nicolae_vaults_specimen_jars,
          hangedman_vaults_capsules, hangedman_vaults_trim,
          hangedman_vaults_maws, v_misc_11, v_misc_25,
          ontoclasm_vaults_ring_small, stair_cage_open, serial_shops, shop
Vaults:3: v_misc_19, vaults_dpeg_ring, minmay_crypt_entry_simple_walls,
          v_misc_8, nicolae_vaults_circle_grid_a, hangedman_vaults_pinch,
          hangedman_vaults_hat, vaults_room_stairs_pillars,
          nicolae_vaults_little_squares_3, nicolae_vaults_mini_display_case,
          nicolae_vaults_little_squares_4
Vaults:4: ontoclasm_vaults_claustrophobia, nicolae_vaults_stairing_the_circle,
          v_pattern_3, hangedman_vaults_locks, vaults_mumra_chevron,
          nicolae_vaults_little_squares_2, ontoclasm_vaults_gateway,
          ontoclasm_vaults_loading_screen, ontoclasm_vaults_shuriken
Vaults:5: uniq_mennas, uniq_margery
Crypt:1:  grunt_ministairs_14, st_stairs_11, minigarden_bobbens, uniq_boris,
          uniq_aizul
Crypt:2:  minivault_27
Crypt:3:  lightli_unholy_cathedral, tomb_entry_shell_bobbens, basic_altar,
          pandoras_box_mu
Depths:1: enter_ziggurat_c, minmay_strange_pillars, hell_entry,
          marbit_kobold_abyss_entry, minmay_pinched_square, serial_bayou_shore_b
Depths:2: minmay_skeletal_surprise, hell_entry, abyss_entry,
          minmay_fountain_box, lightli_fourway_metalbox
Depths:3: grunt_house_of_mirrors, pan_entry, roderic_aztec_sauvastika,
          abyss_entry_crystal, hell_entry, serial_sigils,
          serial_sigils_hangedman_shear, serial_sigils_hangedman_gut,
          serial_sigils_hangedman_quiver, serial_sigils_hangedman_scratch,
          minmay_door_square, minmay_misc_feat_ornament
Depths:4: lightli_eight_chambers, pf_hell_entry_tar_river,
          nicolae_lava_and_water, abyss_entry_flame_altar,
          infiniplex_staircase_pool_2, serial_bayou_shore_b
Depths:5: evilmike_zot_entry_argh, hell_entry, minivault_11, minivault_16,
          unseen_surprise_small
Dis:3:    lemuel_mystery_crypt
Dis:5:    hangedman_dis_decor_tower, grunt_megastairs_1
Dis:6:    hangedman_dis_chains
Geh:1:    minmay_fire_ice_demons
Geh:2:    lemuel_flamethrower_3
Geh:5:    nicolae_geh_single_fiery_grave
Geh:7:    geh_old
Coc:2:    serial_ice
Coc:7:    coc_grunt_cove
Tar:1:    grunt_megastairs_4
Tar:7:    tar_minmay_river
Zot:1:    st_small_dragon_hoard_5
Zot:3:    zot_minivault_1
Abyss:1:  patterned_corridor, hangedman_abyss_or_decor_passed
Abyss:2:  due_exit_kobolds
Abyss:3:  serial_sigils_hangedman_snap, nicolae_abyss_rune_star_stuff
Pan:      evilmike_mini_pan_doors_b, pan_blood_fountain_small,
          evilmike_mini_pan_doors_b, grunt_pan_sceptre, rand_demon_9,
          grunt_pan_frozen_over, rand_demon_4, reaverb_pan_chaos_star,
          grunt_pan_in_and_out, rand_demon_1, nicolae_pan_mnolegish_1,
          cerebov_grunt, reaverb_pan_squares, grunt_pan_pentagram,
          evilmike_mini_pan_possible_glass, nicolae_pan_glass_arcs, mnoleg,
          gloorx_vloq_grunt, nicolae_pan_double_arrow, pan_blood_fountain_small,
          lom_lobon
Zig:12:   ziggurat_pillar_centre_c
Zig:14:   ziggurat_pillar_centre_dead_trees
Zig:18:   ziggurat_pillar_centre_oklobs
Zig:19:   ziggurat_loot_1
Zig:20:   ziggurat_pillar_centre_more_plants
Trove:    trove_jewellery_lava
IceCv:    ice_cave_tombish

Skill      XL: |  1  2  3  4  5  6  7  8  9 10 11 12 13 14 15 16 17 18 19 20 21 22 23 24 25 26 27 |
---------------+----------------------------------------------------------------------------------+-----
Armour         | 1 2 3 4 5 6 7 8 9 10 11 12 13 14 15 16 17 25 | 25.5
Fighting       | 3 4 5 6 8 9 10 11 12 13 14 15 16 17 18 19 27 | 27.0
Axes           | 5 6 7 9 10 11 12 14 15 16 20 22 23 24 25 26 27 | 27.0
Dodging        | 3 4 5 6 7 8 9 10 11 12 13 14 20 | 20.8
Invocations    | 3 4 6 8 10 12 13 14 16 18 19 20 21 22 23 24 27 | 27.0
Evocations     | 2 3 5 6 7 8 9 10 11 12 13 15 | 15.7
Summonings     | 4 6 8 9 14 | 14.1
Spellcasting   | 2 4 5 6 7 8 9 16 | 16.8
Charms         | 3 5 6 17 | 17.7
Air Magic      | 2 4 |  4.0
Necromancy     | 5 8 19 | 19.7
Translocations | 3 5 |  5.1
Throwing       | |  1.7

Action                   |  1- 3 |  4- 6 |  7- 9 | 10-12 | 13-15 | 16-18 | 19-21 | 22-24 | 25-27 || total
-------------------------+-------+-------+-------+-------+-------+-------+-------+-------+-------++-------
Melee: War axe           |   102 |    23 |    28 |   476 |   962 |  1023 |  1079 |  1133 |    43 ||  4869
       Hand axe          |       |    82 |    83 |       |       |       |       |       |       ||   165
       Battleaxe         |       |       |   267 |       |       |       |       |       |  1837 ||  2104
       Broad axe         |       |       |    24 |       |       |       |       |       |       ||    24
       Executioner's axe |       |       |       |       |       |       |       |       |  2410 ||  2410
Throw: Throwing net      |       |       |     3 |       |       |       |       |       |       ||     3
 Cast: Repel Missiles    |       |       |       |       |       |       |       |     3 |    16 ||    19
       Regeneration      |       |       |       |       |       |       |       |       |   211 ||   211
       Song of Slaying   |       |       |       |       |       |       |       |       |   136 ||   136
       Dispel Undead     |       |       |       |       |       |       |       |       |    31 ||    31
       Summon Butterflie |       |       |       |       |       |       |       |       |    17 ||    17
       Apportation       |       |       |       |       |       |       |       |       |     8 ||     8
       Aura of Abjuratio |       |       |       |       |       |       |       |       |     8 ||     8
       Haste             |       |       |       |       |       |       |       |       |     6 ||     6
       Blink             |       |       |       |       |       |       |       |       |     5 ||     5
       Cigotuvi's Embrac |       |       |       |       |       |       |       |       |     2 ||     2
       Infestation       |       |       |       |       |       |       |       |       |     1 ||     1
Invok: Stomp             |       |       |     2 |       |       |     3 |     6 |       |       ||    11
       Grand Finale      |       |       |       |     1 |     5 |     6 |    10 |    17 |    31 ||    70
       Line Pass         |       |       |       |       |       |       |       |     1 |     1 ||     2
 Abil: Stop Singing      |       |       |       |       |       |       |       |       |     1 ||     1
Evoke: Wand              |       |       |       |     6 |     7 |    16 |     6 |    19 |    19 ||    73
       Rod               |       |       |       |     2 |       |       |       |       |    17 ||    19
       Sack of spiders   |       |       |       |       |       |       |       |     2 |     5 ||     7
       Box of beasts     |       |       |       |       |       |       |       |     2 |     4 ||     6
       Disc of storms    |       |       |       |       |       |       |       |       |     6 ||     6
       Phantom mirror    |       |       |       |       |       |       |       |       |     1 ||     1
  Use: Scroll            |       |       |    10 |    12 |    18 |    14 |    11 |    12 |    87 ||   164
       Potion            |       |       |     1 |     2 |     1 |     8 |     7 |    10 |    63 ||    92
 Stab: Paralysed         |       |     3 |     8 |    36 |   125 |   137 |   215 |   176 |   798 ||  1498
       Held in net/web   |       |       |     2 |       |       |       |       |       |       ||     2
       Confused          |       |       |       |     2 |       |       |       |     1 |       ||     3
       Invisible         |       |       |       |    14 |       |       |       |       |    10 ||    24
       Distracted        |       |       |       |       |     1 |       |       |     2 |     5 ||     8
  Eat: Chunk             |       |     4 |    15 |    37 |    47 |    30 |    87 |    26 |    35 ||   281
       Fruit             |       |       |       |     4 |       |     2 |       |     7 |    22 ||    35
       Bread ration      |       |       |       |       |       |     1 |       |     1 |     3 ||     5
       Beef jerky        |       |       |       |       |       |     1 |       |     2 |     7 ||    10
       Pizza             |       |       |       |       |       |     1 |     1 |       |    15 ||    17
       Meat ration       |       |       |       |       |       |       |       |     1 |    11 ||    12
       Royal jelly       |       |       |       |       |       |       |       |       |     2 ||     2
Armor: Leather armour    |     4 |       |       |       |       |       |       |       |       ||     4
       Scale mail        |    40 |    49 |   256 |    18 |       |       |       |       |       ||   363
       Ring mail         |     5 |       |       |       |       |       |       |       |       ||     5
       Skin              |       |       |     6 |       |       |       |       |       |       ||     6
       Chain mail        |       |       |       |   204 |       |       |       |       |       ||   204
       Plate armour      |       |       |       |     8 |       |       |       |       |       ||     8
       Storm dragon armo |       |       |       |    19 |   482 |   563 |   574 |   284 |       ||  1922
       Ice dragon armour |       |       |       |       |       |       |       |   100 |    12 ||   112
       Fire dragon armou |       |       |       |       |       |       |       |       |   510 ||   510
       Gold dragon armou |       |       |       |       |       |       |       |       |  1666 ||  1666
Dodge: Dodged            |    86 |    61 |   251 |   230 |   499 |   563 |   679 |   887 |  3939 ||  7195
       Deflected         |       |       |       |       |       |       |       |     5 |    93 ||    98
Block: Other             |       |       |       |       |       |    64 |    20 |       |       ||    84
       Reflection        |       |       |       |       |       |    10 |     5 |       |       ||    15
